 Dungeon Crawl Stone Soup version 0.18.1-50-g88ac8fd (webtiles) character file.

10677 manyhoops the Fighter (level 11, -6/131 HPs)
             Began as an Ogre Hunter on Oct 25, 2016.
             Was a High Priest of Okawaru.
             Mangled by a minotaur
             ... wielding a +7 lightning rod (6/13)
              (10 damage)
             ... in a labyrinth.
             The game lasted 00:48:28 (16165 turns).

manyhoops the Fighter (Ogre Hunter)                Turns: 16165, Time: 00:48:29

Health: -6/131     AC:  6    Str: 26    XL:     11   Next: 65%
Magic:  20/20      EV: 13    Int: 15    God:    Okawaru [*****.]
Gold:   555        SH:  0    Dex: 16    Spells: 1 memorised, 9 levels left

rFire  . . .     SeeInvis .     k - +5 flail of the Fool {pain, MP+9 Str+4 Int+5 Dex+4}
rCold  + . .     Gourm    .     K - +1 troll leather armour
rNeg   . . .     Faith    .     (no shield)
rPois  .         Spirit   .     (helmet restricted)
rElec  .         Dismiss  .     i - -1 cloak
rCorr  .         Reflect  .     (gloves unavailable)
SustAt .         Harm     .     (boots unavailable)
MR     +....                    (no amulet)
Stlth  +.........               H - +2 ring of dexterity
                                B - ring of protection from cold

@: somewhat resistant to hostile enchantments, very unstealthy
A: unfitting armour, repulsion field 1, tough skin 1, MP-powered wands
a: Heroism, Finesse, Renounce Religion


You were in a labyrinth.
You worshipped Okawaru.
Okawaru was extremely pleased with you.
You were not hungry.

You visited 1 branch of the dungeon, and saw 12 of its levels.
You also visited: Labyrinth.

You collected 603 gold pieces.
You spent 48 gold pieces at shops.

Inventory:

Hand Weapons
 e - a +0 giant spiked club
 k - the +5 flail of the Fool (weapon) {pain, MP+9 Str+4 Int+5 Dex+4}
   (You found it on level 7 of the Dungeon)

   In the hands of one skilled in necromantic magic, it inflicts extra damage on
   living creatures.
   It affects your strength (+4).
   It affects your intelligence (+5).
   It affects your dexterity (+4).
   It affects your magic capacity (+9).
 m - a +0 hunting sling
Missiles
 f - 36 sling bullets
 n - 350 stones
 r - 5 large rocks (quivered)
Armour
 c - a +2 robe of magic resistance
 i - a -1 cloak (worn)
 s - a +0 large shield
 K - a +1 troll leather armour (worn)
Jewellery
 o - an uncursed ring of fire
 B - a ring of protection from cold (left hand)
 H - a +2 ring of dexterity (right hand)
Wands
 d - a wand of confusion (21/48)
 z - a wand of lightning (7/15)
 L - a wand of paralysis (4/24)
 O - a wand of lightning (7/15)
 P - a wand of flame (19/48)
 Q - a wand of lightning (11/15)
Scrolls
 a - 5 scrolls of remove curse
 g - 3 scrolls of fog
 h - 4 scrolls of recharging
 j - 2 scrolls of random uselessness
 p - a scroll of immolation
 E - a scroll of enchant weapon {unknown}
 F - a scroll of brand weapon {unknown}
 I - a scroll of magic mapping {unknown}
Potions
 b - 3 potions of degeneration
 v - a potion of brilliance
 x - 2 potions of flight
 J - a potion of cancellation
 M - 2 potions of curing
 R - 2 potions of ambrosia {unknown}
Books
 y - a book of Maledictions

   Spells                             Type                      Level
   a - Corona                         Hexes                        1
   b - Ensorcelled Hibernation        Hexes/Ice                    2
   c - Confuse                        Hexes                        3
   d - Tukima's Dance                 Hexes                        3
   e - Dazzling Spray                 Conjuration/Hexes            3
 C - a book of Clouds

   Spells                             Type                      Level
   a - Mephitic Cloud                 Conjuration/Poison/Air       3
   b - Conjure Flame                  Conjuration/Fire             3
   c - Poisonous Cloud                Conjuration/Poison/Air       6
   d - Freezing Cloud                 Conjuration/Ice/Air          6
   e - Ring of Flames                 Charms/Fire                  7
 G - a book of Annihilations

   Spells                             Type                      Level
   a - Poison Arrow                   Conjuration/Poison           6
   b - Chain Lightning                Conjuration/Air              8
   c - Lehudib's Crystal Spear        Conjuration/Earth            8
   d - Glaciate                       Conjuration/Ice              9
   e - Fire Storm                     Conjuration/Fire             9
Comestibles
 q - 5 bread rations
 t - 23 fruits
 u - 2 meat rations
 A - 6 beef jerkies


   Skills:
 * Level 14.4 Fighting
 - Level 14.2 Maces & Flails
 - Level 0.2(3.9) Slings
 * Level 8.4 Throwing
 - Level 0.1 Armour
 - Level 3.1 Dodging
 - Level 0.7 Stealth
 - Level 0.4 Spellcasting
 - Level 0.1 Hexes
 - Level 0.2 Invocations


You had 9 spell levels left.
You knew the following spells:

 Your Spells              Type           Power        Failure   Level  Hunger
a - Corona                Hex            #......      30%         1    ##.....


Dungeon Overview and Level Annotations

Branches:
Dungeon (12/15)            Temple (0/1) D:5            Lair (0/8) D:10
    Orc: D:9-12

Altars:
Cheibriados
Dithmenos
Elyvilon
Makhleb
Okawaru
Pakellas
Qazlal
Ru
Sif Muna
Xom
Zin

Shops:
D:5 ?

Annotations:
D:6 simples's ghost, novice MiBe


Innate Abilities, Weirdness & Mutations

You are too large for most types of armour.
You have tough skin (AC +1).
You are surrounded by a mild repulsion field (EV +2).
You expend magic power (3 MP) to strengthen your wands.


Message History

Press: ? - help, Shift-Dir - straight line, f - minotaur
Aim: a minotaur, wielding a lightning rod and wearing a glowing ring mail (fleeing)
You throw a large rock. The large rock hits the minotaur!
Your attack snaps the minotaur out of its fear.
The minotaur is moderately wounded.
The minotaur barely misses you. The minotaur gores you!
Okay, then.
Okay, then.
You barely miss the minotaur.
The minotaur is lightly wounded.
The minotaur zaps a rod.
The lightning misses you.
You fail to use your ability.
The minotaur zaps a rod.
The lightning hits you!
* * * LOW HITPOINT WARNING * * *
Okay, then.
You hit the minotaur but do no damage.
The minotaur is lightly wounded.
The minotaur hits you with a lightning rod!!
* * * LOW HITPOINT WARNING * * *
The minotaur gores you!
You die...

. ## . . ..# # # # #
# . . ####### # . .#
.(... .# . #H.# #.
.## # #@.#... ..#
#..#.##### #...... #
#..#######.# #..# .#
#.#######.####.# # #
...............#...#
# .##.#.### ###.# #
...#. #. ...# .


You could see a minotaur.

Vanquished Creatures
  2 hill giants (D:10)
  An ugly thing (D:11)
  A centaur skeleton (D:10)
  2 trolls
  The ghost of Mesmaeker13 the Magician, an amateur DrWz of Vehumet (D:5)
  2 two-headed ogres
  5 yaks (D:9)
  2 wyverns (D:9)
  A wraith (D:9)
  A basilisk (D:11)
  A hippogriff (D:7)
  4 hungry ghosts
  A mottled dragon (D:11)
  2 wargs (D:10)
  3 orc warriors
  A black bear (D:6)
  3 sky beasts (D:5)
  2 phantoms
  4 ice beasts
  6 ogres
  7 centaurs
  A big kobold (D:11)
  8 giant frogs
  An earth elemental (Lab)
  3 wyvern skeletons
  7 scorpions
  4 killer bees (D:10)
  8 wights
  5 howler monkeys
  4 crimson imps
  A giant frog zombie (D:11)
  6 jellies
  A quasit (D:8)
  4 hounds
  8 orc wizards
  6 orc priests
  2 giant frog skeletons
  5 iguanas
  10 worker ants
  Terence (D:3)
  A killer bee zombie (D:6)
  A hound zombie (D:8)
  3 hound skeletons
  A worker ant zombie (D:7)
  4 gnolls (D:6)
  11 adders
  2 shadow imps
  An ooze (D:1)
  An adder skeleton (D:8)
  3 adder zombies
  A worm (D:2)
  2 dart slugs (D:2)
  2 giant geckos
  32 orcs
  9 bats
  5 giant cockroaches
  14 goblins
  18 hobgoblins
  12 jackals
  2 quokkas (D:5)
  2 ball pythons
  4 giant newts
  9 kobolds
  A quokka zombie (D:7)
  4 rats
282 creatures vanquished.

Vanquished Creatures (others)
  A bush (D:4)
  3 plants
4 creatures vanquished.

Grand Total: 286 creatures vanquished

Notes
Turn   | Place    | Note
--------------------------------------------------------------
     0 | D:1      | manyhoops the Ogre Hunter began the quest for the Orb.
     0 | D:1      | Reached XP level 1. HP: 22/22 MP: 1/1
   330 | D:1      | Reached XP level 2. HP: 29/29 MP: 2/2
   536 | D:1      | HP: 1/31 [jackal (3)]
   538 | D:1      | Reached XP level 3. HP: 15/37 MP: 3/3
   884 | D:1      | Reached skill level 5 in Throwing
  1831 | D:2      | Reached XP level 4. HP: 45/45 MP: 4/4
  1901 | D:2      | Found an iron altar of Okawaru.
  2957 | D:3      | Noticed Terence
  2999 | D:3      | Killed Terence
  2999 | D:3      | Reached XP level 5. HP: 45/54 MP: 5/5
  3616 | D:4      | Noticed an ogre
  3698 | D:4      | Noticed an ogre
  3776 | D:4      | Reached skill level 1 in Maces & Flails
  4310 | D:4      | Reached skill level 5 in Fighting
  4545 | D:4      | Reached XP level 6. HP: 59/66 MP: 6/6
  4625 | D:4      | Found a snail-covered altar of Cheibriados.
  4625 | D:4      | Found an iron altar of Okawaru.
  4651 | D:4      | Found a white marble altar of Elyvilon.
  4761 | D:4      | Became a worshipper of Warmaster Okawaru
  4953 | D:4      | Reached XP level 7. HP: 75/75 MP: 7/7
  4969 | D:5      | Entered Level 5 of the Dungeon
  5096 | D:5      | Reached * piety under Okawaru
  5112 | D:5      | Found a staircase to the Ecumenical Temple.
  5346 | D:5      | Reached XP level 8. HP: 87/87 MP: 8/8
  5355 | D:5      | Found an iron altar of Okawaru.
  5502 | D:5      | Reached skill level 5 in Maces & Flails
  5505 | D:5      | Learned a level 1 spell: Corona
  5566 | D:5      | Found Amniumul's Magic Scroll Shoppe.
  5573 | D:5      | Bought a scroll of identify for 24 gold pieces
  5573 | D:5      | Bought a scroll of identify for 24 gold pieces
  5576 | D:5      | Noticed Mesmaeker13's ghost (amateur DrWz)
  6504 | D:5      | Found a shimmering altar of Xom.
  6633 | D:6      | Found an oddly glowing altar of Pakellas.
  6870 | D:6      | Noticed simples's ghost (novice MiBe)
  7221 | D:5      | Reached ** piety under Okawaru
  7256 | D:5      | Killed Mesmaeker13's ghost
  7875 | D:6      | Reached XP level 9. HP: 91/98 MP: 9/9
  7919 | D:6      | Found a sacrificial altar of Ru.
  8056 | D:6      | Found a sacrificial altar of Ru.
  9541 | D:6      | Reached skill level 10 in Fighting
  9894 | D:7      | Reached *** piety under Okawaru
  9899 | D:7      | Reached skill level 10 in Maces & Flails
  9909 | D:7      | Got a steaming flail
  9910 | D:7      | Identified the +5 flail of the Fool {pain, MP+9 Str+4 Int+5 Dex+4} (You found it on level 7 of the Dungeon)
 10100 | D:7      | Found a stormy altar of Qazlal.
 10389 | D:8      | Reached XP level 10. HP: 95/111 MP: 10/10
 10691 | D:8      | Found a deep blue altar of Sif Muna.
 10815 | D:8      | Found a shadowy altar of Dithmenos.
 11017 | D:8      | Found a burning altar of Makhleb.
 11019 | D:8      | Found a glowing silver altar of Zin.
 11019 | D:8      | Noticed an angel
 11020 | D:8      | Noticed a cacodemon
 11215 | D:8      | Reached **** piety under Okawaru
 11875 | D:9      | Received a gift from Okawaru
 12814 | D:9      | Received a gift from Okawaru
 12972 | D:9      | Reached ***** piety under Okawaru
 13019 | D:10     | Entered Level 10 of the Dungeon
 13038 | D:10     | Found a staircase to the Lair.
 13066 | D:10     | Reached XP level 11. HP: 90/127 MP: 11/11
 13497 | D:10     | Noticed a hill giant
 13576 | D:10     | Killed a hill giant
 13576 | D:10     | Received a gift from Okawaru
 13626 | D:10     | Noticed a hill giant
 13646 | D:10     | Killed a hill giant
 13687 | D:10     | Received a gift from Okawaru
 14406 | D:11     | Got a jewelled spear
 14408 | D:11     | Identified the +5 spear of the Weasel {antimagic, *Rage rC+ rN+ Dex+2} (You found it on level 11 of the Dungeon)
 14600 | D:11     | Noticed a purple ugly thing
 14619 | D:11     | Killed a purple ugly thing
 14774 | D:12     | Found a labyrinth entrance.
 14784 | Lab      | Entered a labyrinth
 14787 | Lab      | Gained mutation: You expend magic power (3 MP) to strengthen your wands. [mutagenic meat]
 14788 | Lab      | Gained mutation: You are surrounded by a mild repulsion field (EV +2). [mutagenic meat]
 16158 | Lab      | Noticed a minotaur
 16165 | Lab      | HP: 4/131 [minotaur/lightning rod (25)]
 16165 | Lab      | Mangled by a minotaur

Skill      XL: |  1  2  3  4  5  6  7  8  9 10 11 |
---------------+----------------------------------+-----
Fighting       | 3 4 5 6 7 9 10 13 14 | 14.4
Throwing       | 5 6 7 8 |  8.4
Maces & Flails | 1 3 4 7 10 12 14 | 14.2
Dodging        | 2 3 |  3.1
Slings         | |  0.2
Armour         | |  0.1
Stealth        | |  0.7
Spellcasting   | |  0.4
Hexes          | |  0.1
Invocations    | |  0.2

Action                   |  1- 3 |  4- 6 |  7- 9 | 10-12 || total
-------------------------+-------+-------+-------+-------++-------
Melee: Short sword       |   156 |    14 |       |       ||   170
       Mace              |       |    18 |       |       ||    18
       Giant spiked club |       |    16 |   196 |       ||   212
       Flail             |       |       |    19 |   329 ||   348
 Fire: Hunting sling     |    10 |   108 |       |       ||   118
Throw: Large rock        |     5 |    25 |    47 |    54 ||   131
       Stone             |       |       |    19 |     7 ||    26
       Throwing net      |       |       |     2 |       ||     2
 Cast: Corona            |       |       |     1 |       ||     1
Invok: Heroism           |       |       |     4 |       ||     4
  Use: Potion            |     1 |     2 |     5 |       ||     8
       Scroll            |     1 |     7 |     5 |    12 ||    25
 Stab: Sleeping          |     1 |       |     1 |     1 ||     3
  Eat: Chunk             |     3 |     1 |     4 |    15 ||    23
       Bread ration      |       |     2 |     1 |     1 ||     4
       Meat ration       |       |       |     1 |     2 ||     3
       Pizza             |       |       |     1 |       ||     1
       Fruit             |       |       |     3 |     3 ||     6
Armor: Robe              |    89 |    17 |    72 |    57 ||   235
       Troll leather arm |       |       |       |    11 ||    11
Dodge: Dodged            |   119 |    43 |   148 |   143 ||   453
